 Dungeon Crawl Stone Soup version 0.18.1-48-g4cf74bf (webtiles) character file.

163 Alarkh the Shooter (level 5, -1/38 HPs)
             Began as a Mummy Hunter on Aug 11, 2016.
             Slain by a centaur (6 damage)
             ... on level 5 of the Dungeon.
             The game lasted 00:04:52 (3182 turns).

Alarkh the Shooter (Mummy Hunter)                   Turns: 3182, Time: 00:04:53

Health: -1/38      AC:  3    Str: 16    XL:     5   Next: 20%
Magic:  5/5        EV: 11    Int: 11    God:
Gold:   244        SH:  0    Dex: 12    Spells: 0 memorised, 4 levels left

rFire  x . .     SeeInvis .     b - +1 shortbow
rCold  + . .     Gourm    .     c - +0 leather armour
rNeg   + + +     Faith    .     (shield currently unavailable)
rPois  ∞         Spirit   .     (no helmet)
rElec  .         Dismiss  .     (no cloak)
rCorr  .         Reflect  .     (no gloves)
SustAt .         Harm     .     (no boots)
MR     .....                    (no amulet)
Stlth  +.........               (no ring)
                                (no ring)

@: not resistant to hostile enchantments, very unstealthy
A: no food or potions, fire vulnerability, cold resistance 1, negative energy
resistance 3, torment resistance, unbreathing
a: no special abilities


You were on level 5 of the Dungeon.
You were not hungry.

You visited 1 branch of the dungeon, and saw 5 of its levels.

You collected 244 gold pieces.

Inventory:

Hand Weapons
 a - a +0 quarterstaff
 b - a +1 shortbow (weapon)
 k - a +0 short sword
Missiles
 d - 14 arrows (quivered)
 h - a throwing net
Armour
 c - a +0 leather armour (worn)
Scrolls
 e - 5 scrolls of teleportation
 f - 2 scrolls of remove curse
 g - 3 scrolls of identify {unknown}
 i - a scroll of fear {unknown}
 j - 2 scrolls of fog
 l - a scroll of torment {unknown}


   Skills:
 - Level 2.0 Fighting
 + Level 5.4 Bows
 - Level 1.5 Dodging
 - Level 0.7 Stealth


You had 4 spell levels left.
You didn't know any spells.

Dungeon Overview and Level Annotations

Branches:
Dungeon (5/15)
 Temple: D:4-7

Altars:
Cheibriados
Fedhas
Makhleb
Pakellas

Shops:
D:4 :

Annotations:
D:4 Thomus's ghost, amateur DECj


Innate Abilities, Weirdness & Mutations

You do not eat or drink.
Your flesh is vulnerable to fire.
You are immune to poison.
Your flesh is cold resistant.
You are immune to negative energy.
You are immune to unholy pain and torment.
You can survive without breathing.


Message History

You open the door.
Found a scroll labeled QOYSOMM YCLO.
There is an open door here.
l - a scroll labeled QOYSOMM YCLO
Found a royal jelly.
There is a stone staircase leading up here.
e - 5 scrolls of teleportation (gained 1)
A centaur comes into view.
The centaur wields a shortbow.
The centaur shoots an arrow.
The arrow hits you!
You see here an arrow.
The centaur shoots an arrow.
The arrow hits you!
b - a +1 shortbow (weapon)
The centaur unwields an uncursed shortbow.
The centaur hits you!
* * * LOW HITPOINT WARNING * * *
Firing (i - inventory. (,) - cycle):
d - 15 arrows (quivered)
Press: ? - help, Shift-Dir - straight line, f - centaur
Aim: a centaur You shoot an arrow.
The arrow barely misses the centaur.
The centaur hits you.
You die...

#####+#### .........#
.........# .........#
.........# .........#
(.....c@.#
.........#######
#############(......#
#...................#
#.............#.....#
#.............#.....+
###)..........#.....#
#######..<.########
....# #..........##
+###.


You could see a centaur.

Vanquished Creatures
  A worker ant (D:4)
  A hound skeleton (D:4)
  7 adders
  2 oozes
  A dart slug (D:1)
  2 giant geckos
  4 orcs (D:3)
  5 bats
  3 giant cockroaches
  5 goblins
  4 hobgoblins
  A quokka (D:2)
  2 giant newts (D:3)
  7 kobolds
  5 rats
50 creatures vanquished.

Notes
Turn   | Place    | Note
--------------------------------------------------------------
     0 | D:1      | Alarkh the Mummy Hunter began the quest for the Orb.
     0 | D:1      | Reached XP level 1. HP: 16/16 MP: 1/1
    68 | D:1      | Reached XP level 2. HP: 18/22 MP: 2/2
   201 | D:1      | Reached skill level 4 in Bows
   290 | D:1      | Found a snail-covered altar of Cheibriados.
   593 | D:2      | Reached XP level 3. HP: 26/27 MP: 3/3
   669 | D:2      | Found an oddly glowing altar of Pakellas.
  1072 | D:2      | Found a burning altar of Makhleb.
  1298 | D:3      | Reached XP level 4. HP: 27/33 MP: 4/4
  1549 | D:3      | Found a blossoming altar of Fedhas.
  1749 | D:3      | Reached skill level 5 in Bows
  2881 | D:4      | Reached XP level 5. HP: 25/38 MP: 5/5
  2938 | D:4      | Found Unkoseij's Book Boutique.
  3030 | D:4      | Noticed Thomus's ghost (amateur DECj)
  3086 | D:5      | Entered Level 5 of the Dungeon
  3178 | D:5      | Noticed a centaur
  3182 | D:5      | Slain by a centaur

Skill      XL: |  1  2  3  4 |
---------------+-------------+-----
Bows           | 4 5 |  5.4
Fighting       | |  2.0
Dodging        | |  1.5
Stealth        | |  0.7

Action                   |  1- 3 |  4- 6 || total
-------------------------+-------+-------++-------
Melee: Short sword       |   131 |    59 ||   190
       Quarterstaff      |       |    16 ||    16
 Fire: Shortbow          |    19 |    26 ||    45
  Use: Scroll            |     1 |     2 ||     3
 Stab: Sleeping          |     3 |       ||     3
Armor: Leather armour    |    43 |    19 ||    62
Dodge: Dodged            |    97 |    57 ||   154
